 Dungeon Crawl Stone Soup version 0.25-a0-403-g49d089a364 (webtiles) character file.

Game seed: 13207682815893639525, levelgen mode: deterministic

42 night the Firebug (level 3, -1/26 HPs)
             Began as a Draconian Fire Elementalist on Jan 10, 2020.
             Slain by a kobold
             ... wielding a +0 dagger of holy wrath
              (3 damage)
             ... on level 2 of the Dungeon.
             The game lasted 00:02:49 (1411 turns).

night the Firebug (Draconian Fire Elementalist)     Turns: 1411, Time: 00:02:49

Health: -1/26      AC:  5    Str: 10    XL:     3   Next: 33%
Magic:  5/6        EV: 12    Int: 16    God:
Gold:   23         SH:  0    Dex: 11    Spells: 6/7 levels left

rFire    . . .     SeeInvis .   a - +0 dagger
rCold    . . .     Gourm    .   (no shield)
rNeg     . . .     Faith    .   (armour unavailable)
rPois    .         Spirit   .   (helmet restricted)
rElec    .         Reflect  .   (no cloak)
rCorr    .         Harm     .   (no gloves)
MR       .....                  (no boots)
Stlth    ++........             e - amulet of magic regeneration
HPRegen  0.08/turn              (no ring)
MPRegen  0.35/turn              (no ring)

@: no status effects
A: unfitting armour, cold-blooded, AC +5
a: no special abilities


You were on level 2 of the Dungeon.
You were hungry.

You visited 1 branch of the dungeon, and saw 2 of its levels.

You collected 23 gold pieces.

Inventory:

Hand Weapons
 a - a +0 dagger (weapon)
Jewellery
 e - an amulet of magic regeneration (around neck)
Scrolls
 c - a scroll of magic mapping {unknown}
Potions
 d - a potion of curing {unknown}
Comestibles
 b - 2 rations


   Skills:
 - Level 1.7 Dodging
 - Level 1.7 Stealth
 + Level 2.6 Spellcasting
 + Level 2.1 Conjurations
 + Level 3.5 Fire Magic


You had 6 spell levels left.
You knew the following spells:

 Your Spells              Type           Power        Failure   Level  Hunger
a - Foxfire               Conj/Fire      ##..         6%          1    #......

Your spell library contained the following spells:

 Spells                   Type           Power        Failure   Level  Hunger
 Conjure Flame            Conj/Fire      ##......     19%         3    ###....
 Inner Flame              Hex/Fire       #.......     28%         3    ###....
 Sticky Flame             Conj/Fire      ##......     52%         4    #####..
 Fireball                 Conj/Fire      ##........   86%         5    ######.


Dungeon Overview and Level Annotations

Branches:
Dungeon (2/15)

Altars:


Innate Abilities, Weirdness & Mutations

Your plain brown scales are hard. (AC +5)
You cannot fit into any form of body armour.
You are cold-blooded and may be slowed by cold attacks.


Message History

The bat hits you but does no damage. The bat completely misses you.
The bat closely misses you.
Casting: Foxfire (safe; 6% risk of failure)
Confirm with . or Enter, or press ? or * to list all spells.
You conjure some foxfire!
The bat hits you but does no damage.
The foxfire hits the bat.
The bat is severely wounded.
The kobold closely misses you.
The foxfire hits the bat but does no damage.
The bat is severely wounded.
The bat barely misses you. The kobold hits you but does no damage.
The frilled lizard closely misses you. The bat hits you but does no damage.
Casting: Foxfire (safe; 6% risk of failure)
Confirm with . or Enter, or press ? or * to list all spells.
You conjure some foxfire!
The bat closely misses you. The bat barely misses you.
The kobold hits you with a +0 dagger of holy wrath.
You die...

#####...........#
#....<....$.#
######...........#.
......[w............
#######............
###..w...>##
#.........#
#....Kb...#
#....l@...#
#....v.v..#
#.........#
##.......##
##.....## #######


You could see 2 worms, a bat, a kobold and a frilled lizard.

Vanquished Creatures
  An adder (D:2)
  2 dart slugs (D:1)
  6 hobgoblins (D:1)
  2 jackals (D:1)
  A ball python (D:1)
  4 bats (D:1)
  2 frilled lizards (D:1)
  6 goblins (D:1)
  A kobold (D:1)
  4 rats (D:1)
29 creatures vanquished.

Vanquished Creatures (others)
  50 foxfires
50 creatures vanquished.

Grand Total: 79 creatures vanquished

Notes
Turn   | Place    | Note
-------+----------+-------------------------------------------
     0 | D:1      | night the Draconian Fire Elementalist began the quest for
                  | the Orb.
     0 | D:1      | Reached XP level 1. HP: 14/14 MP: 3/3
   190 | D:1      | Reached XP level 2. HP: 10/20 MP: 0/5
  1194 | D:1      | Reached XP level 3. HP: 26/26 MP: 4/6
  1395 | D:2      | HP: 1/26 [worm (10)]
  1411 | D:2      | Slain by a kobold

Levels and vault maps discovered:
D:1:      co_arrival_random_square_maze, layout_loops_ring,
          minmay_tree_intersection, wad_floor_pattern_untrapped
D:2:      layout_rooms, minmay_misc_feat_nine_boxes

Skill      XL: |  1  2  3 |
---------------+----------+-----
Conjurations   | 2 |  2.1
Dodging        | |  1.7
Stealth        | |  1.7
Spellcasting   | |  2.6
Fire Magic     | |  3.5

Action                   || total
-------------------------++-------
Melee: Unarmed           ||     7
       Tailslap          ||     2
       Dagger            ||    58
 Cast: Foxfire           ||    32
 Stab: Sleeping          ||     3
  Eat: Chunk             ||     1
Armor: Skin              ||    25
Dodge: Dodged            ||    61

Table legend:
 A = Non-vault XP
 B = Vault XP
 C = Vault XP percentage of total XP
 D = Non-vault monster count
 E = Vault monster count
 F = Vault count percentage of total count
                 A         B        C        D         E       F
            +---------+---------+-------+---------+---------+-------
      Total |      60 |       0 |   0.0 |      29 |       0 |   0.0
            +---------+---------+-------+---------+---------+-------
        D:1 |      47 |       0 |   0.0 |      28 |       0 |   0.0
        D:2 |      13 |       0 |   0.0 |       1 |       0 |   0.0
            +---------+---------+-------+---------+---------+-------
